 Dungeon Crawl Stone Soup version 0.31-a0-978-g1e143483b6 (webtiles) character file.

Game seed: 5392074016683099568

31056 croobank the Covert (level 13, -6/62 HPs)
             Began as a Felid Fighter on Oct 30, 2023.
             Was a Priest of Fedhas.
             Mangled by an eight-headed hydra (8 damage)
             ... on level 3 of the Lair of Beasts.
             The game lasted 01:22:53 (16482 turns).

croobank the Covert (Felid Fighter)                Turns: 16482, Time: 01:22:53

Health: -6/62      AC:  3    Str: 14    XL:     13   Next: 23%
Magic:  22/30      EV: 25    Int: 14    God:    Fedhas [***...]
Gold:   712        SH:  0    Dex: 17    Spells: 3/22 levels left
                                        Lives:  0   Deaths: 5

rFire   + .          .
                       - Unarmed
rCold   + . .        (shield unavailable)
rNeg    . . .        (body armour unavailable)
rPois   .            (helmet unavailable)
rElec   .            (cloak unavailable)
rCorr   .            (gloves unavailable)
SInv    +            (boots unavailable)
Will    +....        j - amulet "Peqy" {rF+ Regen+ Int+3 Slay+3}
Stlth   +++++        c - ring of magical power
HPRegen 1.10/turn    l - ring of wizardry
MPRegen 0.22/turn

%: wizardry (x1)
@: confusing by touch, swift, freezing walls, very quick
A: very small, claws 1, fangs 3, see invisible, speed 1, shaggy fur 3, stealthy
paws, no weapons or thrown items, no armour, multi-lived, sense surroundings 1
a: Renounce Religion, Wall of Briars, Grow Ballistomycete


You were on level 3 of the Lair of Beasts.
You worshipped Fedhas.
Fedhas was most pleased with you.
You visited 3 branches of the dungeon, and saw 15 of its levels.
You also visited: Sewer.

You collected 712 gold pieces.

Inventory:

Jewellery
 b - the ring of Contentment {rElec rF+ rCorr Str-5}
   (You took it off an orc on level 3 of the Dungeon)

   [ring of protection from fire]

   Str-5:     It affects your strength (-5).
   rF+:       It protects you from fire.
   rElec:     It insulates you from electricity.
   rCorr:     It protects you from acid and corrosion.
 c - a ring of magical power (left paw)
 g - a ring of protection from fire
 j - the amulet "Peqy" (around neck) {rF+ Regen+ Int+3 Slay+3}
   (You acquired it on level 6 of the Dungeon)

   [amulet of regeneration]

   Int+3:     It affects your intelligence (+3).
   Slay+3:    It affects your accuracy & damage with ranged weapons and melee
   (+3).
   rF+:       It protects you from fire.
   Regen+:    It increases your rate of health regeneration.
 l - a ring of wizardry (right paw)
 r - an amulet of faith
 u - a +6 ring of strength
 y - an amulet of reflection
Talismans
 n - a serpent talisman
Wands
 p - a wand of paralysis (1)
 t - a wand of quicksilver (1)
Scrolls
 h - a scroll of vulnerability
 q - 2 scrolls of teleportation
Potions
 a - 3 potions of mutation
 d - a potion of might
 e - a potion of brilliance
 f - a potion of enlightenment
 i - a potion of ambrosia
 o - a potion of curing
 v - 2 potions of resistance
Miscellaneous
 w - a sack of spiders (inert)


   Skills:
 + Level 10.5 Fighting
 + Level 11.4 Dodging
 + Level 11.4 Stealth
 + Level 10.9 Unarmed Combat
 + Level 5.3 Spellcasting
 + Level 5.3 Conjurations
 + Level 5.2 Air Magic
 + Level 5.2 Poison Magic
 * Level 5.2 Invocations


You had 3 spell levels left.
You knew the following spells:

 Your Spells              Type           Power      Damage    Failure   Level
a - Mephitic Cloud        Conj/Pois/Air  18%        N/A       2%          3
b - Shock                 Conj/Air       72%        1d7       1%          1
c - Magic Dart            Conj           72%        1d6       1%          1
d - Swiftness             Air            18%        N/A       2%          3
e - Confusing Touch       Hex            3%         N/A       21%         3
f - Wereblood             Tmut           3%         N/A       11%         2
g - Ignite Poison         Fire/Tmut/Pois 8%         N/A       11%         3
h - Frozen Ramparts       Ice            6%         1d1       21%         3

Your spell library contained the following spells:

 Spells                   Type           Power      Damage    Failure   Level
 Searing Ray              Conj           36%        2d5       1%          2
 Kiss of Death            Conj/Necr      44%        2d8       2%          1
 Momentum Strike          Conj/Tloc      22%        3d8       3%          2
 Slow                     Hex            12%        N/A       7%          1
 Hailstorm                Conj/Ice       11%        3d5       7%          3
 Call Imp                 Summ           6%         N/A       11%         2
 Lesser Beckoning         Tloc           6%         N/A       11%         2
 Sublimation of Blood     Necr           3%         N/A       11%         2
 Gell's Gravitas          Tloc           3%         N/A       21%         3
 Sigil of Binding         Hex            3%         N/A       21%         3
 Teleport Other           Tloc           3%         N/A       21%         3
 Tukima's Dance           Hex            3%         N/A       21%         3
 Vampiric Draining        Necr           3%         2d6       21%         3
 Airstrike                Air            9%         2d(2-18)  9%          4
 Fulminant Prism          Conj/Hex       5%         3d7       22%         4
 Iskenderun's Mystic Bla  Conj/Tloc      11%        2d4       22%         4
 Sticky Flame             Conj/Fire      11%        2d3       22%         4
 Fireball                 Conj/Fire      5%         3d5       50%         5
 Anguish                  Hex/Necr       1%         N/A       52%         4
 Cause Fear               Hex            1%         N/A       52%         4
 Dispel Undead            Necr           3%         3d7       52%         4
 Leda's Liquefaction      Hex/Erth       1%         N/A       52%         4
 Petrify                  Tmut/Erth      3%         N/A       52%         4
 Summon Ice Beast         Ice/Summ       3%         N/A       52%         4
 Metabolic Englaciation   Hex/Ice        1%         N/A       86%         5
 Summon Forest            Summ/Tloc      1%         N/A       86%         5
 Summon Mana Viper        Hex/Summ       3%         N/A       86%         5
 Simulacrum               Ice/Necr       1%         N/A       100%        6
 Summon Cactus Giant      Summ           1%         N/A       100%        6
 Enfeeble                 Hex            1%         N/A       100%        7
 Summon Hydra             Summ           1%         N/A       100%        7
 Ignition                 Fire           1%         3d3       100%        8
 Dimensional Bullseye     Hex/Tloc       Unusable   N/A       N/A         4

Dungeon Overview and Level Annotations

Branches:
Dungeon (11/15)            Temple (1/1) D:7            Lair (3/5) D:8
  Sewer (visited)
  Swamp: Lair:2-3    Shoals: Lair:2-3     Snake: Lair:2-3    Spider: Lair:2-3
    Orc: D:9-12

Altars:
Ashenzari
Cheibriados
Dithmenos
Elyvilon
Fedhas
Gozag
Hepliaklqana
Kikubaaqudgha
Makhleb
Nemelex Xobeh
Okawaru
Qazlal
Ru
Sif Muna
Trog
Uskayaw
Vehumet
Wu Jian
Xom
Yredelemnul
Zin
The Shining One

Shops:
D:3 !

Annotations:
D:3 1 runed translucent door, Crazy Yiuf
D:10 2 transporters, Doj's ghost, novice MiFi


Innate Abilities, Weirdness & Mutations

You have sharp claws.
You have razor-sharp teeth.
You have supernaturally acute eyesight. (SInv)
You cover ground quickly. (Speed+)
Your thick and shaggy fur keeps you warm. (AC +3, rC+)
Your paws help you pounce on unaware monsters.
You are incapable of wielding weapons or throwing items.
You cannot wear armour.
You gain extra lives every three experience levels.
You passively map a small area around you.


Message History

Casting: Frozen Ramparts (dangerous; 21% risk of failure)
Press: ? - help, Dir - look around, f - activate The walls around you are covered in ice.
The black mamba hisses angrily.
The eight-headed hydra roars!
Casting: Frozen Ramparts (dangerous; 21% risk of failure)
Confirm with . or Enter, or press ? or * to list all spells.
Your paws begin to glow red.
The wall freezes the eight-headed hydra.
Casting: Confusing Touch (dangerous; 21% risk of failure)
Confirm with . or Enter, or press ? or * to list all spells.
You feel quick.
The wall freezes the black mamba but does no damage.
The wall freezes the eight-headed hydra.
You barely miss the eight-headed hydra.
The eight-headed hydra is lightly wounded.
The wall freezes the black mamba but does no damage.
The wall freezes the eight-headed hydra.
The eight-headed hydra bites you!
The eight-headed hydra closely misses you.
The eight-headed hydra misses you.
The eight-headed hydra completely misses you. x3
The eight-headed hydra closely misses you.
The eight-headed hydra bites you!
The wall freezes the black mamba but does no damage.
You barely miss the eight-headed hydra.
The eight-headed hydra is lightly wounded.
The wall freezes the black mamba but does no damage.
The wall freezes the eight-headed hydra.
The eight-headed hydra barely misses you.
The eight-headed hydra bites you!
The eight-headed hydra closely misses you.
The eight-headed hydra bites you!
* * * LOW HITPOINT WARNING * * *
The eight-headed hydra completely misses you.
The eight-headed hydra bites you!
* * * LOW HITPOINT WARNING * * *
The eight-headed hydra barely misses you.
The eight-headed hydra bites you!
You die...
Fedhas appreciates your contribution to the ecosystem.

.......... ## ###..P
......##.######### ##..
, ,#.D....#..#..##..#
#... .............>..##
####. ,,
......#.##.....###.##. ,
** ,#..............†..).
,, #S...P#....P..P...
#D######..##P.#... ,
##@.# ##.###.#... *
#..## #P.###..#.. ,*
##.## ##.##.....> ##..#
#......... * * #..##
####.........
.P##...###............ *
,..........PPP.........>
,* *
..........P............
*
#..##.....##........#.##


You could see an eight-headed hydra and a black mamba.

Vanquished Creatures
  Harold (Lair:1)
  A boulder beetle (Lair:1)
  2 hydras
  3 elephants (Lair:2)
  A black mamba (Lair:1)
  4 cane toads
  Psyche (D:10)
  An unseen horror (D:10)
  6 komodo dragons
  Jeremiah (D:7)
  2 trolls
  4 polar bears
  3 blink frogs (Lair:2)
  A shadow (D:10)
  A wyvern (Lair:2)
  39 yaks
  A steam dragon (D:10)
  2 vampire mosquitoes (D:10)
  A swamp worm (Lair:2)
  6 water moccasins
  An orc warrior (D:8)
  2 ice beasts
  2 sky beasts (D:7)
  3 black bears
  7 wolves
  3 centaurs
  4 phantoms
  10 kobold brigands
  7 bullfrogs
  A gnoll sergeant (D:10)
  A scorpion (D:6)
  3 wights
  2 killer bees (Lair:2)
  6 electric eels
  7 hounds
  10 orc priests
  4 jellies
  2 iguanas (D:5)
  An iron imp (D:8)
  2 gnoll boudas
  A sleepcap (D:7)
  Jessica (D:3)
  7 orc wizards
  7 gnolls
  12 adders
  2 river rats (Sewer)
  2 white imps
  2 ufetubi (D:5)
  2 worms
  5 dart slugs
  30 orcs
  13 ball pythons
  5 bats
  3 endoplasms
  3 giant cockroaches
  7 goblins
  5 hobgoblins
  13 jackals
  35 kobolds
  5 quokkas
  6 frilled lizards
  6 rats
331 creatures vanquished.

Vanquished Creatures (collateral kills)
  An elephant (Lair:2)
  A water moccasin (Lair:2)
  A bullfrog (Lair:1)
3 creatures vanquished.

Vanquished Creatures (others)
  An oklob plant (Lair:1)
  A torpor snail (Lair:1)
  A cane toad (Lair:1)
  A wyvern (Lair:1)
  A water moccasin (Lair:1)
5 creatures vanquished.

Grand Total: 339 creatures vanquished

Notes
Turn   | Place    | Note
-------+----------+-------------------------------------------
     0 | D:1      | croobank the Felid Fighter began the quest for the Orb.
     0 | D:1      | Reached XP level 1. HP: 10/10 MP: 2/2
   208 | D:1      | Reached skill level 1 in Stealth
   213 | D:1      | Reached XP level 2. HP: 14/14 MP: 3/3
   731 | D:2      | Succumbed to an adder's poison
   787 | D:2      | Reached XP level 3. HP: 17/17 MP: 4/4
  1760 | D:3      | Found a faded altar of an unknown god.
  1769 | D:3      | Reached XP level 4. HP: 21/21 MP: 5/5
  1833 | D:3      | Found a hide-covered altar of Uskayaw.
  1886 | D:3      | Found a radiant altar of Vehumet.
  2024 | D:3      | Found an ancient bone altar of Kikubaaqudgha.
  2081 | D:3      | Found a runed translucent door.
  2082 | D:3      | Noticed Crazy Yiuf
  2267 | D:3      | Reached skill level 5 in Dodging
  2366 | D:3      | Found Dumoplil's Distillery.
  2487 | D:3      | Noticed Jessica
  2492 | D:3      | Killed Jessica
  2493 | D:3      | Reached XP level 5. HP: 25/25 MP: 6/6
  2660 | D:3      | Gained mutation: You passively map a small area around you.
                  | [potion of mutation]
  2800 | D:3      | Identified the ring of Contentment {rElec rF+ rCorr Str-5}
  3644 | D:4      | Reached skill level 5 in Unarmed Combat
  3734 | D:4      | Gained mutation: You are covered in thick fur. (AC +2)
                  | [Felid growth]
  3734 | D:4      | Reached XP level 6. HP: 28/28 MP: 7/7
  4180 | D:5      | Entered Level 5 of the Dungeon
  4308 | D:5      | Found a glowing drain.
  4412 | Sewer    | Entered a sewer
  4470 | Sewer    | Reached skill level 5 in Stealth
  4470 | Sewer    | Reached XP level 7. HP: 23/33 MP: 8/8
  4855 | Sewer    | Reached skill level 5 in Fighting
  5634 | D:5      | Found a shimmering altar of Xom.
  5635 | D:5      | Found an ornate altar of the Wu Jian Council.
  5651 | D:5      | Reached XP level 8. HP: 17/37 MP: 9/9
  6771 | D:6      | Found an iron altar of Okawaru.
  6837 | D:6      | Identified a scroll of acquirement
  6837 | D:6      | Acquired the amulet "Peqy" {rF+ Regen+ Int+3 Slay+3}
  6866 | D:6      | Learned a level 3 spell: Mephitic Cloud
  7342 | D:7      | Noticed Jeremiah
  7427 | D:7      | Found a staircase to the Ecumenical Temple.
  7471 | D:7      | Reached skill level 1 in Spellcasting
  7471 | D:7      | Reached skill level 1 in Poison Magic
  7535 | D:7      | Learned a level 1 spell: Shock
  7539 | D:7      | Reached skill level 1 in Conjurations
  7539 | D:7      | Reached XP level 9. HP: 42/42 MP: 11/11
  7561 | D:7      | Reached skill level 1 in Air Magic
  7763 | D:8      | Found a staircase to the Lair.
  7843 | D:8      | Slain by a wolf
  7844 | D:8      | Upgraded the game from 0.31-a0-977-gc230f8ef24 to
                  | 0.31-a0-978-g1e143483b6
  7885 | D:8      | Found a glowing golden altar of the Shining One.
  8566 | D:7      | Killed Jeremiah
  8642 | D:7      | Found a white marble altar of Elyvilon.
  8714 | Temple   | Entered the Ecumenical Temple
  8740 | Temple   | Became a worshipper of Fedhas Madash
  8855 | D:8      | Learned a level 1 spell: Magic Dart
  8890 | D:8      | Noticed a troll
  8930 | D:8      | HP: 1/63 [troll (6)]
  8930 | D:8      | Slain by a troll
  9578 | D:8      | Found a snail-covered altar of Cheibriados.
  9850 | D:8      | Killed a troll
 10165 | D:8      | Reached XP level 10. HP: 41/47 MP: 15/15
 10168 | D:8      | Reached * piety under Fedhas
 11531 | D:9      | Found a sparkling altar of Nemelex Xobeh.
 11695 | D:9      | Found a glowing silver altar of Zin.
 11861 | D:10     | Entered Level 10 of the Dungeon
 11976 | D:10     | Reached skill level 10 in Dodging
 11984 | D:10     | Reached ** piety under Fedhas
 12149 | D:10     | Reached skill level 10 in Stealth
 12151 | D:10     | Identified the +0 robe of Nucurob {rCorr Dex+4 SInv}
 12295 | D:10     | Noticed Psyche
 12303 | D:10     | Killed Psyche
 12428 | D:10     | Slain by a komodo dragon
 12512 | D:10     | Found a transporter.
 12517 | D:10     | Found a transporter.
 12518 | D:10     | Noticed Doj's ghost (novice MiFi)
 12551 | D:10     | Reached XP level 11. HP: 51/51 MP: 17/17
 12736 | D:10     | Found a sacrificial altar of Ru.
 12738 | D:10     | Identified the of Kaizxiarph (You acquired it on level 10
                  | of the Dungeon)
 12738 | D:10     | Acquired Luemud's Folio of Ironbound Bolts
 12913 | D:10     | Reached skill level 1 in Invocations
 13237 | D:11     | Noticed a two-headed ogre
 13239 | D:11     | Noticed a boulder beetle
 13348 | Lair:1   | Entered Level 1 of the Lair of Beasts
 13348 | Lair:1   | Noticed a boulder beetle
 13614 | Lair:1   | Found an ornate altar of the Wu Jian Council.
 13799 | Lair:1   | Killed an oklob plant
 13842 | Lair:1   | Noticed Harold
 13847 | Lair:1   | Noticed an oklob plant
 13847 | Lair:1   | Noticed an oklob plant
 13864 | Lair:1   | Killed Harold
 14060 | Lair:1   | Reached skill level 10 in Fighting
 14060 | Lair:1   | Reached skill level 10 in Unarmed Combat
 14060 | Lair:1   | Gained mutation: Your thick and shaggy fur keeps you warm.
                  | (AC +3, rC+) [Felid growth]
 14060 | Lair:1   | Reached XP level 12. HP: 58/58 MP: 19/19
 14504 | Lair:1   | Killed a boulder beetle
 14715 | Lair:1   | Reached *** piety under Fedhas
 15413 | Lair:2   | Reached skill level 5 in Spellcasting
 15448 | Lair:2   | Reached skill level 5 in Conjurations
 15459 | Lair:2   | Reached XP level 13. HP: 42/62 MP: 13/21
 15470 | Lair:2   | Reached skill level 5 in Poison Magic
 15509 | Lair:2   | HP: 2/93 [meliai/+0 hand axe (3)]
 15513 | Lair:2   | Reached skill level 5 in Air Magic
 15514 | Lair:2   | HP: 2/93 [meliai/divine providence (12)]
 15515 | Lair:2   | Slain by a meliai
 16101 | Lair:2   | Reached skill level 5 in Invocations
 16256 | Lair:3   | Learned a level 3 spell: Swiftness
 16260 | Lair:3   | Learned a level 3 spell: Confusing Touch
 16263 | Lair:3   | Learned a level 2 spell: Wereblood
 16267 | Lair:3   | Learned a level 3 spell: Ignite Poison
 16271 | Lair:3   | Learned a level 3 spell: Frozen Ramparts
 16482 | Lair:3   | HP: 2/62 [eight-headed hydra (14)]
 16482 | Lair:3   | Mangled by an eight-headed hydra

Illustrated notes

Levels and vault maps discovered:
D:1:      dpeg_arrival_rooms_c, layout_loops_ring
D:2:      cheibrodos_helix_gallery, layout_loops_ring, minmay_split_cup_small
D:3:      minmay_chambers_of_threes, layout_loops_ring,
          nicolae_kikubaaqudgha_miasma_corner, nicolae_overflow_squiral,
          shapermc_ecumenical_altar_mp_ritualfount, serial_shops,
          nicolae_shop_industrial_runoff, uniq_jessica, uniq_crazy_yiuf_cottage
D:4:      layout_loops_ring, chequers_jeans, dk_vineyard_1,
          kennysheep_generic_room_15
D:5:      layout_cave_pools, mainiacjoe_overflow_divided_tiny,
          cheibrodos_sewer_entry_sluice
D:6:      layout_rooms, okawaru_metal_pillars_1_2
D:7:      layout_rooms, mainiacjoe_overflow_alcove_2, minmay_temple_entry_trees,
          uniq_jeremiah
D:8:      layout_basic, tso_oasis_becter, slow_altar_1, erik_lair_island,
          enter_bailey_8, serial_co_window_serial, co_window_corner_a,
          co_window_corner_a, co_window_paths_a, co_window_paths_b,
          co_window_of_opportunity_a, co_window_cross_4,
          co_window_of_opportunity_b, co_window_2corner,
          co_window_unsneaky_path_d, co_window_paths_d, glass_columns_a,
          glass_columns_a, glass_columns_c, glass_columns_b
D:9:      layout_irregular_city, mainiacjoe_overflow_paths, zin_treasury
D:10:     kennysheep_spiral_hall, layout_long_grid,
          mainiacjoe_overflow_alcove_1, gammafunk_ghost_hive, uniq_psyche
D:11:     layout_roguey, dreamdust_wishing_well
Temple:   jpeg_temple_alley_garden
Lair:1:   minmay_lair_oklob_chamber, layout_cave_shapes, basic_altar,
          infiniplex_staircase_pool, uniq_harold
Lair:2:   layout_cave_pods, palyth_hydra_swamp_entry,
          hellmonk_spider_entry_not_the_bees, minmay_holes, grunt_megastairs_3
Lair:3:   layout_loops_ring, roderic_batcave, disabler_island

Skill      XL: |  1  2  3  4  5  6  7  8  9 10 11 12 13 |
---------------+----------------------------------------+-----
Stealth        | 1 2 3 4 5 6 8 9 10 11 | 11.4
Dodging        | 5 6 7 8 9 10 11 | 11.4
Fighting       | 4 5 6 7 10 | 10.5
Unarmed Combat | 5 6 7 8 10 | 10.9
Spellcasting   | 1 2 3 4 5 |  5.3
Poison Magic   | 1 2 3 4 5 |  5.2
Conjurations   | 1 2 3 4 5 |  5.3
Air Magic      | 2 3 4 5 |  5.2
Invocations    | 3 4 5 |  5.2

Action                     |  1- 3 |  4- 6 |  7- 9 | 10-12 | 13-15 || total
---------------------------+-------+-------+-------+-------+-------++-------
  Melee: Unarmed           |   106 |   197 |   367 |   304 |    71 ||  1045
         Bite              |    10 |    17 |    44 |    48 |     9 ||   128
         Punch             |     2 |     6 |    23 |    29 |     4 ||    64
   Cast: Mephitic Cloud    |       |       |    17 |    93 |    20 ||   130
         Shock             |       |       |     1 |     4 |       ||     5
         Magic Dart        |       |       |    83 |    18 |       ||   101
         Frozen Ramparts   |       |       |       |       |     4 ||     4
         Swiftness         |       |       |       |       |     2 ||     2
         Confusing Touch   |       |       |       |       |     2 ||     2
         Wereblood         |       |       |       |       |     2 ||     2
 Invoke: Wall of Briars    |       |       |       |     3 |     2 ||     5
  Evoke: Wand              |       |       |       |     6 |     6 ||    12
         Sack of spiders   |       |       |       |       |     1 ||     1
    Use: Scroll            |     6 |     9 |     6 |     6 |     2 ||    29
         Potion            |     1 |     6 |     7 |     6 |     3 ||    23
   Stab: Sleeping          |     3 |     9 |    10 |       |       ||    22
         Distracted        |     1 |     1 |     1 |     1 |       ||     4
         Confused          |       |       |     3 |    42 |    10 ||    55
         Paralysed         |       |       |       |       |     1 ||     1
 Armour: Skin              |    19 |    47 |   155 |    75 |    77 ||   373
  Dodge: Dodged            |    63 |   164 |   315 |   232 |   119 ||   893

Table legend: (Time is in decaauts)
 A = Elapsed time spent in this place.
 B = Non-inter-level travel time spent in this place.
 C = Inter-level travel time spent in this place.
 D = Time resting spent in this place.
 E = Time spent auto-exploring this place.
 F = Levels seen in this place.
 G = Mean time per level.
                   A        B        C        D        E       F      G
               +--------+--------+--------+--------+--------+-----+--------+
         Total |  14711 |  14265 |    446 |   5079 |   5592 |  16 |  919.4 |
       Dungeon |  10679 |  10337 |    342 |   3431 |   4434 |  11 |  970.8 |
        Temple |     42 |      1 |     41 |      0 |      0 |   1 |   42.0 |
          Lair |   2792 |   2730 |     62 |   1252 |    664 |   3 |  930.7 |
         Sewer |   1197 |   1197 |      0 |    394 |    493 |   1 | 1197.0 |
               +--------+--------+--------+--------+--------+-----+--------+

Top non-repeatable levels by time:
     D:8: 2456 daAuts
  Lair:1: 1545 daAuts
   Sewer: 1197 daAuts
    D:10: 1191 daAuts
     D:3: 1186 daAuts
     D:4: 994 daAuts
     D:5: 948 daAuts
  Lair:2: 942 daAuts
     D:2: 899 daAuts
     D:7: 860 daAuts
     D:6: 776 daAuts
     D:9: 714 daAuts
     D:1: 595 daAuts
  Lair:3: 305 daAuts
    D:11: 55 daAuts
